 Dungeon Crawl Stone Soup version 0.23-a0-269-g65e0026 (webtiles) character file.

135 chorionicmirror the Grave Robber (level 4, -1/34 (35) HPs)
             Began as a Demonspawn Necromancer on Sept 30, 2018.
             Slain by an ogre
             ... wielding a +0 giant club
              (19 damage)
             ... on level 2 of the Dungeon.
             The game lasted 00:07:33 (1353 turns).

chorionicmirror the Grave Robber (DsNe)             Turns: 1353, Time: 00:07:33

HP:   -1/34 (35)    AC:  5    Str:  9    XL:     4   Next: 97%
MP:   4/7           EV: 10    Int: 16    God:
Gold: 111           SH:  0    Dex: 14    Spells: 6/7 levels left

rFire    . . .     SeeInvis .   e - +0 dagger
rCold    . . .     Gourm    .   (no shield)
rNeg     . . .     Faith    .   f - +0 ring mail
rPois    .         Spirit   .   (no helmet)
rElec    .         Reflect  .   (no cloak)
rCorr    .         Harm     .   (no gloves)
MR       .....                  (no boots)
Stlth    +.........             (no amulet)
HPRegen  0.11/turn              (no ring)
MPRegen  0.10/turn              (no ring)

@: no status effects
A: powered by death 1
a: no special abilities


You were on level 2 of the Dungeon.
You were very hungry.

You visited 1 branch of the dungeon, and saw 2 of its levels.

You collected 111 gold pieces.

Inventory:

Hand Weapons
 e - a +0 dagger (weapon)
Missiles
 h - 22 sling bullets
Armour
 f - a +0 ring mail (worn)
 g - a +0 chain mail
Scrolls
 j - a scroll of random uselessness {unknown}
 k - a scroll of magic mapping {unknown}
Potions
 b - a potion of haste {unknown}
 d - a potion of curing {unknown}
 i - a potion of heal wounds
 l - 2 potions of cancellation {unknown}
Comestibles
 c - 3 rations


   Skills:
 * Level 3.0 Fighting
 + Level 1.7 Armour
 - Level 2.0 Dodging
 - Level 2.0 Stealth
 - Level 2.0 Spellcasting
 - Level 5.1 Necromancy


You had 6 spell levels left.
You knew the following spells:

 Your Spells              Type           Power        Failure   Level  Hunger
a - Pain                  Necr           ###.         7%          1    #......

Your spell library contained the following spells:

 Spells                   Type           Power        Failure   Level  Hunger
 Animate Skeleton         Necr           N/A          7%          1    #......
 Vampiric Draining        Necr           ###.......   21%         3    ###....
 Regeneration             Chrm/Necr      #.........   52%         3    ###....
 Animate Dead             Necr           N/A          56%         4    #####..


Dungeon Overview and Level Annotations

Branches:
Dungeon (2/15)

Altars:


Innate Abilities, Weirdness & Mutations

You regenerate a little health from kills.


Message History

Press: ? - help, Shift-Dir - straight line, f/p - ogre
Aim: an ogre, wielding a giant club (moderately wounded, chance to defeat MR: You miscast Pain.
You are very lightly contaminated with residual magic.
You sense a malignant aura.
Found 10 gold pieces.
You see here 10 gold pieces.
A worm comes into view.
Casting: Pain (safe; 7% risk of failure)
Confirm with . or Enter, or press ? or * to list all spells.
Aiming: Pain (safe; 7% risk of failure)
Press: ? - help, Shift-Dir - straight line, f - worm, p - ogre
Aim: a worm (chance to defeat MR: 82%)
The worm writhes in agony!
The ogre hits you with a giant club!
Your magical contamination has completely faded away.
You hit the worm.
The worm is moderately wounded.
The worm bites you. The ogre hits you with a giant club!!
Ouch! That really hurt!
You die...

#.................
#.####.#######..##
#$# #.# #..# #.#
#.# ##.# #.# #.#
... #.# #.. .##)
#.# ### .. #. #O#
.# . #@# #. #w# #
#.# #.# #.# #.#
#.. ###


You could see an ogre and a worm.

Vanquished Creatures
  A necrophage (D:2)
  An adder (D:2)
  An ooze (D:1)
  A dart slug (D:2)
  2 leopard geckos
  7 bats
  2 goblins (D:1)
  5 hobgoblins
  4 jackals (D:1)
  2 frilled lizards
  6 kobolds
  2 rats (D:1)
34 creatures vanquished.

Notes
Turn   | Place    | Note
-------+----------+-------------------------------------------
     0 | D:1      | chorionicmirror the Demonspawn Necromancer began the quest
                  | for the Orb.
     0 | D:1      | Reached XP level 1. HP: 13/13 MP: 3/3
    86 | D:1      | Gained mutation: You regenerate a little health from kills.
                  | [demonic ancestry]
    86 | D:1      | Reached XP level 2. HP: 13/20 MP: 0/5
   181 | D:1      | Reached skill level 1 in Fighting
   395 | D:1      | Reached XP level 3. HP: 26/26 MP: 4/6
   833 | D:2      | Reached skill level 1 in Armour
   918 | D:2      | Noticed a necrophage
   940 | D:2      | HP: 1/25 [necrophage (5)]
   970 | D:2      | Killed a necrophage
   970 | D:2      | Reached skill level 5 in Necromancy
   970 | D:2      | Reached XP level 4. HP: 2/33 MP: 7/7
  1320 | D:2      | Noticed an ogre
  1353 | D:2      | Slain by an ogre

Vault maps used:
D:1:      zelgadis_glass_arrival_small
D:2:      nicolae_overflow_crystal_walls, lemuel_crystal_altar, uniq_natasha,
          uniq_terence, uniq_jessica

Skill      XL: |  1  2  3  4 |
---------------+-------------+-----
Fighting       | 1 2 3 |  3.0
Dodging        | 2 |  2.0
Stealth        | 2 |  2.0
Armour         | 1 |  1.7
Necromancy     | 5 |  5.1
Spellcasting   | |  2.0

Action                   |  1- 3 |  4- 6 || total
-------------------------+-------+-------++-------
Melee: Dagger            |   106 |     7 ||   113
       Unarmed           |     1 |       ||     1
 Cast: Pain              |    36 |     7 ||    43
  Use: Potion            |     2 |       ||     2
       Scroll            |     1 |       ||     1
  Eat: Chunk             |     1 |       ||     1
Armor: Leather armour    |     4 |       ||     4
       Ring mail         |    21 |     6 ||    27
Dodge: Dodged            |    67 |    10 ||    77

Table legend:
 A = Non-vault XP
 B = Vault XP
 C = Vault XP percentage of total XP
 D = Non-vault monster count
 E = Vault monster count
 F = Vault count percentage of total count
                 A         B        C        D         E       F
            +---------+---------+-------+---------+---------+-------
      Total |     194 |       0 |   0.0 |      34 |       0 |   0.0
            +---------+---------+-------+---------+---------+-------
        D:1 |      49 |       0 |   0.0 |      26 |       0 |   0.0
        D:2 |     145 |       0 |   0.0 |       8 |       0 |   0.0
            +---------+---------+-------+---------+---------+-------
